Map: Newkirk Precinct TE (Void)

Players

PwTPredator

  • Race: Zerg Zerg
  • League: Master
  • Spawn Location: 7:00

Trizztein - Winner!

  • Race: Terran Terran
  • League: Diamond
  • Spawn Location: 5:00

VOD

Have the link to the VOD?

Description

Time

  • Played on: Dec. 18, 2016, 8:29 a.m.
  • Length: 17:08
Show
View Real Time Build Order
Export as new Build Order

PwTPredator Zerg 

Build Orders: Hatch First, Zergling Baneling 

Get SALT Encoding   

  12  0:02  Drone  
  13  0:13  Overlord  
  13  0:18  Drone  
  14  0:32  Drone x2  
  16  0:39  Drone  
  17  0:56  Drone  
  18  1:01  Hatchery  
  17  1:12  Spawning Pool  
  17  1:13  Drone  
  17  1:21  Drone  
  17  1:22  Drone  
  17  1:23  Extractor  
  18  1:29  Drone  
  19  1:40  Overlord  
  19  1:59  Queen  
  21  2:02  Zergling x4  
  23  2:12  Drone  
  23  2:14  Drone, Queen  
  27  2:25  Drone x2  
  27  2:28  Metabolic Boost  
  29  2:33  Drone  
  29  2:35  Queen  
  32  2:37  Drone  
  33  2:45  Drone  
  33  2:50  Overlord, Queen  
  36  3:02  Extractor x2  
  36  3:03  Drone x2  
  38  3:07  Overlord  
  38  3:09  Drone  
  39  3:13  Drone x3  
  39  3:18  Drone  
  43  3:28  Drone  
  43  3:29  Drone  
  43  3:31  Drone  
  43  3:33  Drone  
  47  3:36  Hatchery  
  47  3:37  Drone  
  47  3:38  Drone  
  48  3:42  Drone  
  48  3:45  Overlord  
  48  3:50  Zergling x6  
  48  3:55  Overlord  
  51  3:56  Extractor  
  51  3:58  Drone  
  51  4:03  Baneling Nest  
  51  4:06  Evolution Chamber  
  51  4:08  Drone x3, Extractor x2  
  51  4:09  Evolution Chamber  
  49  4:10  Drone  
  50  4:19  Overlord  
  50  4:20  Drone x2  
  50  4:21  Drone x2  
  54  4:26  Spore Crawler  
  54  4:28  Spore Crawler, Zergling x2  
  53  4:31  Drone  
  54  4:40  Drone  
  54  4:42  Drone  
  56  4:48  Lair  
  56  4:49  Zergling x2  
  56  4:50  Zergling x2  
  56  4:52  Baneling x6  
  58  4:53  Baneling x2  
  58  4:54  Zergling x2  
  58  4:57  Overlord  
  58  4:59  Drone, Zergling x2  
  61  5:01  Zergling x2  
  61  5:02  Drone  
  63  5:09  Drone x2  
  63  5:10  Drone  
  66  5:17  Zerg Ground Armor Level 1  
  66  5:28  Zergling x8  
  60  5:31  Overlord  
  60  5:33  Spore Crawler, Overlord  
  58  5:39  Zergling x10  
  58  5:41  Zergling x2  
  63  5:44  Zerg Melee Weapons Level 1  
  63  5:47  Overseer  
  63  5:48  Pneumatized Carapace  
  63  5:51  Centrifical Hooks  
  63  5:57  Drone, Zergling x4  
  63  6:02  Overlord  
  66  6:08  Overlord  
  66  6:10  Drone x4  
  70  6:13  Drone x2  
  70  6:15  Drone  
  70  6:17  Zergling x4  
  75  6:25  Drone, Zergling x4  
  78  6:31  Overlord  
  78  6:32  Spore Crawler  
  77  6:36  Drone  
  77  6:37  Drone  
  77  6:38  Drone, Spire  
  79  6:41  Drone  
  79  6:42  Drone  
  81  6:48  Drone x3  
  81  6:51  Drone, Overlord  
  85  6:54  Extractor  
  85  6:55  Extractor  
  85  6:57  Zergling x2  
  84  7:04  Baneling x4  
  84  7:05  Baneling x7  
  84  7:06  Overlord  
  84  7:07  Drone x4  
  89  7:08  Drone  
  89  7:14  Overlord  
  89  7:16  Zergling x2  
  89  7:18  Zergling x2  
  91  7:26  Overlord  
  91  7:30  Overlord  
  91  7:32  Zergling x2  
  91  7:36  Drone  
  93  7:37  Drone  
  93  7:38  Hatchery, Extractor  
  93  7:39  Drone  
  93  7:43  Extractor, Infestation Pit  
  91  7:45  Overlord  
  91  7:56  Zerg Flyer Armor Level 1  
  91  8:01  Corruptor x6  
  91  8:05  Corruptor  
  105  8:11  Drone, Zergling x2  
  105  8:12  Zergling x8  
  111  8:17  Drone  
  111  8:18  Queen  
  114  8:25  Hive  
  112  8:49  Hatchery  
  112  8:53  Queen  
  113  9:20  Drone x8  
  113  9:21  Drone x5  
  113  9:22  Overlord x3  
  126  9:36  Zerg Ground Armor Level 2, Zerg Melee Weapons Level 2, Spire  
  122  9:41  Drone x6  
  128  9:47  Spore Crawler  
  128  9:50  Overlord  
  127  9:55  Greater Spire  
  127  9:56  Corruptor x7  
  127  9:57  Ultralisk Cavern  
  140  10:25  Hatchery  
  140  10:28  Adrenal Glands  
  138  10:47  Ultralisk x4  
  138  10:48  Ultralisk  
  168  10:50  Baneling  
  168  10:51  Baneling x7  
  168  10:53  Zergling x8  
  168  10:54  Zergling x4  
  174  11:02  Zergling x2  
  161  11:11  Brood Lord x2, Extractor  
  161  11:12  Extractor  
  154  11:23  Brood Lord  
  154  11:24  Brood Lord  
  153  11:29  Zergling x6  
  105  11:57  Corruptor  
  105  11:58  Brood Lord  
  110  12:05  Drone, Zergling x2  
  110  12:06  Zergling x8  
  110  12:07  Zergling x6  
  110  12:08  Zergling x6  
  113  12:13  Zergling x4  
  113  12:14  Zergling x4  
  110  12:16  Ultralisk  
  110  12:17  Zergling x6  
  110  12:19  Zergling x4  
  110  12:20  Zergling x8  
  110  12:22  Zergling x6  
  113  12:53  Queen  
  113  12:55  Spine Crawler x2, Zergling x6  
  98  13:16  Overseer  
  98  13:18  Brood Lord x4  
  102  13:20  Brood Lord  
  102  13:21  Corruptor x3  
  105  13:29  Drone x2  
  106  13:38  Drone x3  
  106  13:39  Drone x5  
  110  13:42  Overlord  
  110  13:47  Overlord  
  103  13:57  Drone x2  
  103  13:58  Drone  
  105  14:20  Hatchery  
  104  14:32  Corruptor  
  104  14:34  Corruptor  
  108  14:42  Zergling x4  
  108  14:43  Zergling x2  
  111  14:45  Zergling x2  
  111  14:50  Baneling x3  
  111  14:51  Baneling x2  
  112  14:58  Zergling x4  
  114  15:01  Zergling x2  
  114  15:05  Overlord  
  65  15:41  Corruptor x4  
  73  15:49  Drone x5  
  72  16:13  Drone  
  72  16:14  Drone x4  
  77  16:24  Brood Lord x3  
  83  16:27  Brood Lord  
  83  16:31  Drone x2  
Show
View Real Time Build Order
Export as new Build Order

Trizztein Terran - Winner!

Build Orders: Reaper Expand, Hellion Banshee, Mech 

Get SALT Encoding   

  12  0:00  SCV  
  13  0:13  SCV  
  14  0:18  Supply Depot  
  14  0:25  SCV  
  15  0:40  SCV  
  15  0:42  Barracks  
  16  0:46  Refinery  
  16  0:52  SCV  
  17  1:04  SCV  
  18  1:16  SCV  
  19  1:30  Orbital Command, Reaper  
  20  1:45  Command Center  
  20  1:53  Supply Depot  
  20  1:59  SCV  
  21  2:02  Marine  
  22  2:11  SCV  
  22  2:14  Factory  
  23  2:17  Refinery  
  23  2:25  SCV  
  23  2:27  Barracks Reactor  
  24  2:37  SCV  
  25  2:49  SCV  
  26  2:58  Orbital Command  
  26  3:01  SCV  
  26  3:02  Starport  
  27  3:11  Hellion x2  
  31  3:13  SCV  
  32  3:20  Barracks Tech Lab  
  32  3:23  Supply Depot  
  32  3:25  SCV  
  33  3:27  SCV  
  33  3:32  Hellion  
  36  3:38  SCV  
  36  3:39  SCV  
  38  3:45  Hellion  
  40  3:50  SCV  
  40  3:51  SCV  
  40  3:53  Cloaking Field, Banshee  
  45  3:59  Hellion  
  45  4:02  SCV  
  48  4:03  SCV  
  48  4:05  Supply Depot  
  49  4:10  Supply Depot, Armory  
  49  4:14  SCV  
  49  4:15  SCV, Hellion  
  53  4:26  SCV  
  53  4:27  Hellion  
  53  4:28  SCV  
  57  4:37  Hellion  
  60  4:38  SCV  
  60  4:40  SCV  
  60  4:44  Command Center  
  61  4:46  Supply Depot  
  61  4:49  Refinery  
  61  4:50  SCV  
  61  4:51  Refinery  
  62  4:54  Banshee  
  65  5:01  Hellion  
  67  5:11  SCV  
  67  5:13  Barracks Tech Lab  
  68  5:16  Factory  
  68  5:18  Factory  
  68  5:25  SCV  
  68  5:26  SCV  
  55  5:37  SCV  
  55  5:38  SCV  
  55  5:39  Terran Vehicle Weapons Level 1  
  55  5:42  Supply Depot  
  57  5:43  Supply Depot  
  57  5:44  Engineering Bay  
  58  5:50  SCV x2, Hellion x2  
  64  5:57  Orbital Command  
  64  6:02  SCV x2  
  65  6:11  Hellion  
  65  6:12  Missile Turret  
  65  6:14  Factory Tech Lab, SCV x2  
  65  6:17  Refinery  
  69  6:21  Siege Tank  
  69  6:23  Hellion  
  74  6:26  SCV x2, Banshee  
  79  6:38  SCV x2  
  81  6:40  Orbital Command  
  85  6:47  Siege Tank, Hellion x2  
  85  6:50  Refinery, SCV x2  
  85  6:52  Missile Turret  
  90  6:58  Missile Turret  
  90  7:00  Missile Turret, Siege Tank  
  93  7:02  SCV  
  93  7:03  SCV  
  93  7:07  SCV  
  93  7:08  Hellion  
  98  7:09  Hellion  
  98  7:12  Supply Depot  
  98  7:13  Supply Depot  
  98  7:14  SCV  
  98  7:15  Armory  
  101  7:21  Starport Reactor  
  101  7:26  Command Center  
  101  7:28  Missile Turret  
  101  7:33  SCV x3  
  104  7:39  Siege Tank x2  
  104  7:40  Hellion x2  
  114  7:45  SCV x2  
  117  7:58  Terran Vehicle Weapons Level 2  
  116  8:02  Supply Depot x2  
  116  8:04  Supply Depot, Terran Vehicle And Ship Armor Level 1  
  116  8:05  Missile Turret  
  116  8:10  Missile Turret  
  116  8:13  Missile Turret  
  116  8:23  Thor  
  116  8:24  Thor  
  128  8:28  Supply Depot  
  128  8:30  Supply Depot, Hellion x2  
  128  8:31  Supply Depot  
  73  8:34  Liberator x2  
  132  8:36  Factory  
  129  8:51  Hellion  
  129  8:52  Planetary Fortress, Factory  
  137  8:56  SCV x3, Barracks Reactor  
  137  9:06  Thor  
  137  9:08  Hellion  
  147  9:12  Thor  
  151  9:22  Refinery  
  151  9:23  SCV x2  
  153  9:24  Refinery  
  153  9:29  Liberator x2  
  153  9:34  Missile Turret  
  153  9:35  Missile Turret, Hellion x2  
  157  9:49  Siege Tank  
  166  9:52  Thor  
  166  9:54  Hellion x2  
  166  9:56  SCV, Hellion  
  179  10:01  Terran Vehicle And Ship Armor Level 2  
  179  10:02  Supply Depot x3  
  179  10:11  Infernal Pre-Igniter  
  179  10:22  Liberator, Terran Vehicle Weapons Level 3  
  179  10:24  Hellion x3, Siege Tank  
  179  10:27  Hellion, Siege Tank  
  193  10:38  Siege Tank  
  197  11:27  Siege Tank  
  198  11:36  Starport x2  
  198  11:38  Sensor Tower  
  149  11:47  Siege Tank  
  149  11:48  Thor  
  156  11:59  Thor, Hellion x2  
  166  12:01  Hellion x2  
  162  12:19  Thor  
  162  12:20  Hellion  
  162  12:21  Hellion  
  174  12:23  Terran Vehicle And Ship Armor Level 3, Hellion x2  
  164  12:31  Thor  
  161  12:42  Thor, Hellion x2  
  170  12:44  Hellion  
  170  12:46  Hellion  
  149  13:02  Siege Tank  
  149  13:03  Hellion x2  
  158  13:05  Hellion  
  158  13:07  SCV x3, Hellion  
  145  13:14  Siege Tank  
  145  13:19  Terran Ship Weapons Level 1  
  141  13:25  Siege Tank, Hellion x2  
  147  13:27  Hellion  
  147  13:28  Hellion  
  147  13:29  Starport Tech Lab x2  
  147  13:33  Fusion Core  
  149  13:34  Hellion  
  149  13:36  Liberator x2  
  149  13:37  Command Center  
  149  13:39  Command Center  
  149  13:41  Command Center  
  151  13:46  Hellion x2  
  159  13:48  Hellion  
  159  13:50  Hellion  
  159  13:54  Viking x2  
  168  13:56  Thor  
  168  13:59  Thor  
  168  14:00  Thor  
  184  14:07  Hellion x2  
  184  14:13  SCV x4  
  184  14:24  Viking  
  184  14:26  Hellion x2  
  190  14:32  Battlecruiser  
  190  14:38  Viking x2  
  200  14:58  Planetary Fortress  
  192  15:00  Hellion x2  
  192  15:06  Viking  
  197  15:07  Sensor Tower  
  197  15:08  Viking  
  188  15:18  Hellion x2  
  188  15:19  Hellion  
  185  15:23  Hellion x2  
  185  15:25  Hellion x2  
  174  15:40  Hellion x2  
  174  15:41  Hellion  
  179  15:54  Siege Tank x2  
  179  15:56  Battlecruiser x2  
  196  15:59  Weapon Refit  
  193  16:11  Planetary Fortress  
  193  16:18  Sensor Tower  
  193  16:19  Missile Turret  
  193  16:22  Missile Turret  
  193  16:34  Hellion, Siege Tank  
Tags
 
Add a new tag
Caveats
  • Supply blocks, unpowered buildings, or Contaminate may cause inaccurate times.
  • Supply counts are checked every 10 seconds.